 Dungeon Crawl Stone Soup version 0.13.0-17-g5f0e85f (webtiles) character file.

74 4tharraofdagon the Firebug (level 2, -1/22 HPs)
             Began as a Naga Fire Elementalist on Oct 21, 2013.
             Slain by a quokka (2 damage)
             ... on Level 3 of the Dungeon.
             The game lasted 00:01:48 (364 turns).

4tharraofdagon the Firebug (Naga Fire Elementalist)  Turns: 364, Time: 00:01:49

HP  -1/22        AC  1     Str 10      XL: 2   Next: 66%
MP   1/4         EV 10     Int 15      God:
Gold 56          SH  0     Dex 11      Spells:  1 memorised,  2 levels left

Res.Fire  : . . .   See Invis. : +   (no weapon)
Res.Cold  : . . .   Warding    : .   a - +0 robe
Life Prot.: . . .   Conserve   : .   (no shield)
Res.Poison: +       Res.Corr.  : .   (no helmet)
Res.Elec. : .       Clarity    : .   (no cloak)
Sust.Abil.: . .     Spirit.Shd : .   (no gloves)
Res.Mut.  : .       Stasis     : .   (no barding)
Res.Rott. : .       Flight     : .   (no amulet)
Saprovore : . . .                    (no ring)
                                     k - ring of see invisible {unknown}

@: very slow, slightly resistant to hostile enchantments, fairly stealthy
A: spit poison, see invisible, deformed body, poison resistance, slowness 2
a: Spit Poison


You were on level 3 of the Dungeon.
You were not hungry.

You visited 1 branch of the dungeon, and saw 3 of its levels.

You collected 36 gold pieces.

Inventory:

Armour
 a - a +0 robe (worn)
Comestibles
 c - a bread ration
 g - a rotting chunk of adder flesh
 m - a chunk of bat flesh
Scrolls
 d - a scroll of identify {unknown}
 e - a scroll of noise {unknown}
 f - a scroll of enchant armour {unknown}
 h - a scroll of teleportation {unknown}
 i - a scroll of recharging {unknown}
 j - 3 scrolls of remove curse {unknown}
Jewellery
 k - a ring of see invisible (left hand) {unknown}
Potions
 l - a potion of heal wounds
Books
 b - a book of Flames

   Spells                             Type                      Level
   *Flame Tongue                      Conjuration/Fire             1
   Throw Flame                        Conjuration/Fire             2
   Conjure Flame                      Conjuration/Fire             3
   Inner Flame                        Hexes/Fire                   3
   Sticky Flame                       Conjuration/Fire             4
   Fireball                           Conjuration/Fire             5


   Skills:
 - Level 1.5 Dodging
 - Level 3.0 Stealth
 + Level 1.1 Spellcasting
 * Level 1.7 Conjurations
 * Level 3.4 Fire Magic


You had 2 spell levels left.
You knew the following spells:

 Your Spells              Type           Power        Failure   Level  Hunger
a - Flame Tongue          Conj/Fire      #....        12%         1    ##.....


Dungeon Overview and Level Annotations

Branches:
Dungeon (3/27)

Altars:

Annotations:
D:3 4tharraofdagon's ghost, weakling NaFE


Innate Abilities, Weirdness & Mutations

You cannot wear boots.
You can spit poison.
You have supernaturally acute eyesight.
Armour fits poorly on your strangely shaped body.
Your system is resistant to poisons.
You cover ground very slowly.


Message History

Unknown command.
An adder comes into view.
You have got your breath back.
The worm looks more healthy.
The quokka misses you. The quokka bites you.
A goblin comes into view. It is wielding a dagger.
The goblin shouts!
The quokka bites you. The goblin hits you with a dagger.
* * * LOW HITPOINT WARNING * * *
Unknown command.
The goblin closely misses you.
Unknown command.
The quokka bites you.
* * * LOW HITPOINT WARNING * * *
The goblin hits you but does no damage.
Your magical contamination has completely faded away.
Unknown command.
You open the door. The quokka bites you.
You die...

. #.#
#.#.#. ##.#
###.#
#.#.## #...
#<..# #p#.#
#..# #####
#.#.#
#..##+###
#.#.#
#.......#
#.#.#
#.......#
.<#.#
#..g....#
#.#
#..r@S..#
#.#
#..##'###
#.# #..# .#
#p# #..# .#
#.# #.w##.#
#.# #p.##.#
#.# #..##.#
#.#
#..##.#####
#.#
#..........
#.#


You could see an adder, a quokka and a goblin.

Vanquished Creatures
  An adder (D:2)
  3 goblins
  A hobgoblin (D:1)
  2 kobolds
  3 bats
10 creatures vanquished.

Notes
Turn   | Place    | Note
--------------------------------------------------------------
     0 | D:1      | 4tharraofdagon, the Naga Fire Elementalist, began the quest for the Orb.
     0 | D:1      | Reached XP level 1. HP: 15/15 MP: 3/3
   144 | D:2      | Reached XP level 2. HP: 7/22 MP: 4/4
   303 | D:3      | Noticed 4tharraofdagon's ghost (weakling NaFE)
   347 | D:3      | HP: 1/22 [quokka (4)]
   363 | D:3      | HP: 1/22 [quokka (3)]
   364 | D:3      | Slain by a quokka

Action                   || total
-------------------------++-------
Melee: Unarmed           ||     5
 Cast: Flame Tongue      ||    14
 Abil: Spit Poison       ||    11
  Use: Potion            ||     2
